 Dungeon Crawl Stone Soup version 0.21.1-1-g345015fe64 (webtiles) character file.

1174 Kohma the Poker (level 8, 0/69 HPs)
             Began as a Minotaur Gladiator on June 9, 2018.
             Slain by a two-headed ogre
             ... wielding a +0 giant spiked club
              (20 damage)
             ... on level 5 of the Dungeon.
             The game lasted 00:22:39 (5225 turns).

Kohma the Poker (Minotaur Gladiator)                Turns: 5225, Time: 00:22:40

Health: 0/69       AC:  4    Str: 19    XL:     8   Next: 18%
Magic:  7/7        EV: 14    Int:  5    God:
Gold:   180        SH:  5    Dex: 14    Spells: 7/7 levels left

rFire    . . .     SeeInvis .   a - +1 trident
rCold    . . .     Gourm    .   r - +0 buckler
rNeg     . . .     Faith    .   b - +0 leather armour
rPois    .         Spirit   .   c - +1 hat
rElec    .         Reflect  .   (no cloak)
rCorr    .         Harm     .   (no gloves)
MR       .....                  (no boots)
Stlth    +.........             (no amulet)
HPRegen  0.21/turn              (no ring)
MPRegen  0.10/turn              (no ring)

@: no status effects
A: retaliatory headbutt, horns 2
a: no special abilities


You were on level 5 of the Dungeon.
You were not hungry.

You visited 1 branch of the dungeon, and saw 5 of its levels.

You collected 180 gold pieces.

Inventory:

Hand Weapons
 a - a +1 trident (weapon)
 h - a +0 whip of venom
Missiles
 d - a throwing net (quivered)
 q - 2 tomahawks
Armour
 b - a +0 leather armour (worn)
 c - a +1 hat (worn)
 r - a +0 buckler (worn)
 u - a +0 leather armour
Jewellery
 k - an uncursed amulet of harm
Wands
 n - a wand of digging (18)
Scrolls
 m - a scroll of amnesia
 s - 3 scrolls of remove curse
Potions
 e - 5 potions of curing
 i - a potion of berserk rage
 l - 4 potions of flight
 o - 2 potions of degeneration {unknown}
 p - a potion of ambrosia {unknown}
 t - a potion of resistance {unknown}
 v - a potion of heal wounds
 w - a potion of cancellation {unknown}
 x - a potion of magic {unknown}
 z - a potion of haste {unknown}
 A - a potion of lignification {unknown}
Books
 g - a book of Changes

   Spells                             Type                      Level
   a - Beastly Appendage              Transmutation                1
   b - Sticks to Snakes               Transmutation                2
   c - Spider Form                    Transmutation/Poison         3
   d - Ice Form                       Ice/Transmutation            4
   e - Blade Hands                    Transmutation                5
Comestibles
 f - 12 rations


   Skills:
 + Level 5.4 Fighting
 * Level 7.8 Polearms
 + Level 4.4 Throwing
 + Level 5.5 Dodging
 + Level 3.5 Shields


You had 7 spell levels left.
You didn't know any spells.

Dungeon Overview and Level Annotations

Branches:
Dungeon (5/15)
 Temple: D:4-7

Altars:
Ru
Uskayaw


Innate Abilities, Weirdness & Mutations

You reflexively headbutt those who attack you in melee.
You have a pair of horns on your head.


Message History

The two-headed ogre is heavily wounded.
You block the two-headed ogre's attack. The two-headed ogre barely misses you.
You hit the two-headed ogre.
The two-headed ogre is severely wounded.
You barely miss the two-headed ogre.
You headbutt the two-headed ogre, but do no damage.
The two-headed ogre is severely wounded.
The two-headed ogre hits you with a giant spiked club!!
The two-headed ogre hits you with a giant club.
* * * LOW HITPOINT WARNING * * *
You hit the two-headed ogre.
The two-headed ogre is severely wounded.
The two-headed ogre completely misses you.
The two-headed ogre barely misses you.
You puncture the two-headed ogre!
The two-headed ogre is almost dead.
You closely miss the two-headed ogre.
The two-headed ogre is almost dead.
The two-headed ogre hits you with a giant spiked club!!
You die...

.....# #..........
.....# #..........
.....######..........
##...........#######.
.#...........'....#
.#....p......#....#
.#...........#....#
.#...........#....#
##...........###@##
#######'#.....#O#
...#.....#........ ..
#... #....O.PP
#.....[P$ #......P$
#......P$ #......PP
#........


You could see a two-headed ogre.

Vanquished Creatures
  Pikel (D:4)
  A sky beast (D:5)
  A slave (D:5)
  An ogre (D:4)
  The ghost of Evaline the Conjurer, an amateur TeCj (D:3)
  4 orc wizards
  Jessica (D:2)
  A worker ant (D:5)
  An iguana (D:4)
  Natasha (D:1)
  7 gnolls
  5 adders
  3 oozes
  5 worms
  2 dart slugs (D:1)
  6 leopard geckos
  11 orcs
  3 ball pythons
  13 bats
  6 giant cockroaches
  7 goblins
  14 hobgoblins
  14 jackals
  9 kobolds
  A quokka (D:3)
  6 frilled lizards
  11 rats
136 creatures vanquished.

Vanquished Creatures (others)
  A slave (D:5)
1 creature vanquished.

Grand Total: 137 creatures vanquished

Notes
Turn   | Place    | Note
-------+----------+-------------------------------------------
     0 | D:1      | Kohma the Minotaur Gladiator began the quest for the Orb.
     0 | D:1      | Reached XP level 1. HP: 18/18 MP: 0/0
   118 | D:1      | Reached XP level 2. HP: 16/25 MP: 1/1
   274 | D:1      | Reached skill level 4 in Polearms
   505 | D:1      | Reached XP level 3. HP: 31/31 MP: 2/2
   857 | D:2      | Noticed Natasha
   860 | D:2      | Noticed Jessica
   867 | D:1      | Killed Natasha
   867 | D:1      | Reached XP level 4. HP: 38/38 MP: 3/3
   882 | D:2      | Killed Jessica
   900 | D:2      | Reached skill level 5 in Polearms
   995 | D:2      | Reached XP level 5. HP: 43/45 MP: 4/4
  1228 | D:2      | Found a hide-covered altar of Uskayaw.
  2241 | D:3      | Found a sacrificial altar of Ru.
  2851 | D:3      | Reached XP level 6. HP: 47/52 MP: 5/5
  2873 | D:3      | Noticed Evaline's ghost (amateur TeCj)
  2883 | D:3      | Killed Evaline's ghost
  2883 | D:3      | Reached skill level 1 in Shields
  3148 | D:3      | Found a faded altar of an unknown god.
  3300 | D:4      | Reached skill level 6 in Polearms
  3415 | D:5      | Entered Level 5 of the Dungeon
  3675 | D:4      | Noticed a sky beast
  3991 | D:5      | Killed a sky beast
  4157 | D:5      | Reached XP level 7. HP: 57/60 MP: 6/6
  4467 | D:4      | Reached skill level 5 in Dodging
  4981 | D:5      | Noticed Pikel
  5023 | D:4      | Killed Pikel
  5023 | D:4      | Reached skill level 5 in Fighting
  5023 | D:4      | Reached skill level 7 in Polearms
  5023 | D:4      | Reached XP level 8. HP: 31/69 MP: 7/7
  5212 | D:5      | Noticed a two-headed ogre
  5225 | D:5      | Slain by a two-headed ogre

Skill      XL: |  1  2  3  4  5  6  7 |
---------------+----------------------+-----
Polearms       | 4 5 6 7 |  7.8
Fighting       | 3 4 5 |  5.4
Dodging        | 4 5 |  5.5
Throwing       | 3 4 |  4.4
Shields        | 1 3 |  3.5

Action                   |  1- 3 |  4- 6 |  7- 9 || total
-------------------------+-------+-------+-------++-------
Melee: Trident           |    76 |   186 |    69 ||   331
       Headbutt          |     9 |    33 |    17 ||    59
Throw: Throwing net      |       |     4 |     2 ||     6
  Use: Scroll            |       |    11 |       ||    11
       Potion            |       |       |     1 ||     1
 Stab: Held in net/web   |       |     3 |       ||     3
  Eat: Chunk             |       |     9 |     5 ||    14
Armor: Leather armour    |    19 |    38 |    11 ||    68
Dodge: Dodged            |    44 |   108 |    35 ||   187
Block: Buckler           |       |    11 |    12 ||    23
